 Dungeon Sprint DCSS version 0.27-a0-1512-g99fd57bada (webtiles) character file.

Game seed: 14862043638012927575

11312 Conn the Arsonist (level 11, -31/66 HPs)
             Began as an Octopode Fire Elementalist on July 9, 2021.
             Was a Priest of Sif Muna.
             Killed from afar by a frost giant (34 damage)
             ... with a bolt of cold
             ... in the Dungeon (Sprint II: "The Violet Keep of Menkaure").
             The game lasted 00:35:06 (2586 turns).

Conn the Arsonist (Octopode Fire Elementalist)      Turns: 2586, Time: 00:35:06

Health: -31/66     AC:  5    Str: 13 (14) XL:     11   Next: 75%
Magic:  11/26      EV: 13    Int: 31      God:    Sif Muna [***...]
Gold:   552        SH:  0    Dex:  3 (7)  Spells: 8/33 levels left

rFire    + + +     SeeInvis .   i - +3 short sword
rCold    . . .     Faith    .   (no shield)
rNeg     . . .     Spirit   .   (helmet restricted)
rPois    +         Reflect  .   (no amulet)
rElec    +         Harm     .   b - ring of the Everdark {*Corrode rF+ Str+6 Int+4 Dex-5}
rCorr    +         Rampage  .   c - ring of fire
Will     .....     NoTele   +   j - +4 ring of protection
Stlth    +++++.....             m - +6 ring of intelligence
HPRegen  0.21/turn              w - ring of poison resistance
MPRegen  0.20/turn              x - ring of resist corrosion
                                (no ring)
                                (no ring)

@: resistant, flying, slowed, very slow
A: almost no armour, amphibious, 8 rings, camouflage 1, gelatinous body 1,
nimble swimmer 1, tentacles, deterioration 1
a: Renounce Religion, Channel Magic, Forget Spell


You were in the Dungeon.
You worshipped Sif Muna.
Sif Muna was most pleased with you.
You visited 1 branch You collected 1751 gold pieces.
You spent 1199 gold pieces at shops.

Inventory:

Hand Weapons
 a - a +3 glaive
 i - a +3 short sword (weapon)
Missiles
 v - 15 poisoned darts
Jewellery
 b - the ring of the Everdark (left tentacle) {*Corrode rF+ Str+6 Int+4 Dex-5}
   (You bought it in a shop in the Dungeon)

   [ring of protection from fire]

   Str:       It affects your strength (+6).
   Int:       It affects your intelligence (+4).
   Dex:       It affects your dexterity (-5).
   rF:        It protects you from fire.
   *Corrode:  It may corrode you when you take damage.
 c - a ring of fire (right tentacle)
 j - a +4 ring of protection (on tentacle)
 m - a +6 ring of intelligence (on tentacle)
 w - a ring of poison resistance (on tentacle)
 x - a ring of resist corrosion (on tentacle)
Scrolls
 h - a scroll of fog {unknown}
 l - a scroll of immolation {unknown}
 n - a scroll of holy word {unknown}
 o - 3 scrolls of identify {unknown}
 u - a scroll of vulnerability {unknown}
Potions
 d - 2 potions of resistance
 e - 2 potions of curing
 g - 3 potions of flight
 k - 2 potions of berserk rage
 p - a potion of cancellation {unknown}
 q - a potion of lignification
 r - a potion of mutation {unknown}
 s - 3 potions of magic
 t - a potion of attraction {unknown}


   Skills:
 + Level 2.6 Fighting
 + Level 0.4 Short Blades
 + Level 4.6 Polearms
 + Level 7.3 Dodging
 - Level 9.2 Stealth
 - Level 3.3 Unarmed Combat
 + Level 11.8 Spellcasting
 * Level 14.4 Conjurations
 + Level 0.2 Hexes
 - Level 5.9 Summonings
 + Level 14.9 Fire Magic
 - Level 5.9 Air Magic
 - Level 7.0 Poison Magic


You had 8 spell levels left.
You knew the following spells:

 Your Spells              Type           Power      Damage    Failure   Level
a - Foxfire               Conj/Fire      100%       2x1d9     0%          1
b - Conjure Flame         Conj/Fire      100%       6-21      1%          3
c - Inner Flame           Hex/Fire       78%        N/A       1%          3
d - Sticky Flame          Conj/Fire      100%       2d11      1%          4
e - Fireball              Conj/Fire      52%        3d20      1%          5
f - Mephitic Cloud        Conj/Pois/Air  66%        N/A       1%          3
g - Call Imp              Summ           53%        N/A       1%          2
h - Cause Fear            Hex            9%         N/A       26%         4

Your spell library contained the following spells:

 Spells                   Type           Power      Damage    Failure   Level
 Magic Dart               Conj           100%       1d8       0%          1
 Discord                  Hex            9%         N/A       100%        8


Dungeon Overview and Level Annotations

Branches:
Dungeon (1/1)

Altars:
Cheibriados
Dithmenos
Elyvilon
Fedhas
Gozag
Hepliaklqana
Kikubaaqudgha
Makhleb
Nemelex Xobeh
Okawaru
Qazlal
Ru
Sif Muna
Trog
Uskayaw
Vehumet
Wu Jian
Xom
Yredelemnul
Zin
The Shining One
Beogh
Jiyva
Lugonu

Shops:
D :!*[*==(![(*?(:

Annotations:
D exclusion: oklob plant


Innate Abilities, Weirdness & Mutations

You cannot wear most types of armour.
You are amphibious.
You can wear up to eight rings at the same time.
Your skin changes colour to match your surroundings (Stealth+).
Your rubbery body absorbs attacks. (AC +1, EV +1)
You are camouflaged near water. (Stealth+)
You have tentacles for arms and can constrict up to eight enemies at once.
Your body sometimes deteriorates upon taking damage.


Message History

Okay, then.
Casting: Mephitic Cloud (safe; 1% risk of failure)
Confirm with . or Enter, or press ? or * to list all spells.
Aiming: Mephitic Cloud (safe; 1% risk of failure)
Press: ? - help, Shift-Dir - straight line, f - storm dragon
Aim: a storm dragon (heavily wounded, very poisoned, catching its breath, chance to affect: 34%)
The ball explodes into a vile cloud!
The stinking cloud engulfs the storm dragon but does no damage.
The storm dragon is heavily wounded.
The storm dragon is engulfed in noxious fumes.
The storm dragon appears confused.
The storm dragon is engulfed in noxious fumes.
The storm dragon appears confused.
The frost giant is engulfed in noxious fumes.
The storm dragon is engulfed in noxious fumes.
The storm dragon appears confused.
The frost giant is engulfed in noxious fumes.
The storm dragon is engulfed in noxious fumes.
The storm dragon barely misses the frost giant.
The storm dragon claws the frost giant but does no damage.
The storm dragon tramples the frost giant!
The frost giant holds its ground!
Okay, then.
The frost giant is engulfed in noxious fumes.
The storm dragon is engulfed in noxious fumes.
The storm dragon appears confused.
The frost giant is engulfed in noxious fumes.
Casting: Mephitic Cloud (safe; 1% risk of failure)
Confirm with . or Enter, or press ? or * to list all spells.
Aiming: Fireball (dangerous; 1% risk of failure)
Press: ? - help, Shift-Dir - straight line You feel a surge of power!
The fireball explodes!
The fireball engulfs the golden dragon.
The golden dragon resists.
The golden dragon is lightly wounded.
The fireball engulfs the frost giant!!
The frost giant is severely wounded.
The frost giant casts a spell at you. The bolt of cold hits you!!
Ouch! That really hurt!
You die...

..#≈≈≈≈##...##.#### +.##k#[)▓...
..#≈≈≈≈#...2.#....# ...####▓..(
..#≈≈####)...###.4## #..##.#▓..(
..#≈##.###'#...##☼☼# +.^#..#▓..[
..#≈#.#.##.##...#DD# #^.#..#▓...
∩.'≈'###'.<.+...'.C####..##.#▓h).
.∩#≈#.#.##.###..#..÷.###^.)##▓▓▓▓
###≈##.###'###.##§...÷.≈≈≈≈≈≈≈≈≈≈
###≈≈######.####@≈§....≈#+#######
##≈≈≈#..##.#≈≈§≈§≈§..≈#....._._
#+#≈##...##≈§≈≈≈§§≈.≈#...._._.
#≈≈##'##≈≈≈≈§≈≈≈≈≈≈#..._._._
##≈≈≈≈≈≈≈≈§§§§§§≈≈≈#.._._._.
#+++#+++#≈≈§§§§≈≈≈#._._._._
#≈§§§§≈≈##≈§§###≈≈#_._._._.
#≈§≈§§§§≈≈##≈≈# #≈§#._._._..
'≈§§§§8≈§§≈≈'≈≈# #§§#.._._._.


You could see a golden dragon, a storm dragon (confused, very poisoned), a frost
giant (empowered, very poisoned) and a hellwing (summoned).

Vanquished Creatures
  2 sphinxes (D)
  A kraken (D)
  Kirke (D)
  A yaktaur captain (D)
  A hell hog (D)
  A skeletal warrior (D)
  2 death drakes (D)
  2 deep trolls (D)
  A yaktaur (D)
  3 polar bears (D)
  A hornet (D)
  2 wyverns (D)
  A neqoxec (D)
  Menkaure (D)
  3 water moccasins (D)
  A swamp drake (D)
  4 necrophages (D)
  4 scorpions (D)
  A tentacle (D)
33 creatures vanquished.

Vanquished Creatures (others)
  A centaur warrior (D)
  An elephant (D)
  A kobold demonologist (D)
  2 redbacks (D)
  3 neqoxecs (D)
  A water moccasin (D)
  29 foxfires (D)
  4 tentacles (D)
42 creatures vanquished.

Grand Total: 75 creatures vanquished

Notes
Turn   | Place    | Note
-------+----------+-------------------------------------------
     0 | D        | Conn the Octopode Fire Elementalist began the quest for the
                  | Orb.
     0 | D        | Reached XP level 1. HP: 11/11 MP: 3/3
     1 | D        | Noticed a wyvern
     1 | D        | Noticed a wyvern
     4 | D        | Noticed a neqoxec
     8 | D        | Noticed a necrophage
     8 | D        | Noticed a necrophage
     8 | D        | Noticed a necrophage
     8 | D        | Noticed a necrophage
    16 | D        | Killed a necrophage
    17 | D        | Reached skill level 1 in Unarmed Combat
    17 | D        | Reached XP level 2. HP: 17/17 MP: 3/6
    17 | D        | Reached XP level 3. HP: 21/21 MP: 4/8
    17 | D        | Reached XP level 4. HP: 27/27 MP: 4/9
    20 | D        | Killed a necrophage
    21 | D        | Reached skill level 5 in Stealth
    21 | D        | Reached XP level 5. HP: 31/31 MP: 4/12
    25 | D        | Killed a necrophage
    26 | D        | Reached skill level 5 in Spellcasting
    26 | D        | Reached XP level 6. HP: 36/36 MP: 4/13
    33 | D        | Killed a necrophage
    34 | D        | Reached skill level 5 in Dodging
    34 | D        | Reached skill level 10 in Fire Magic
    52 | D        | Learned a level 3 spell: Conjure Flame
    56 | D        | Learned a level 3 spell: Inner Flame
    61 | D        | Learned a level 4 spell: Sticky Flame
    67 | D        | Learned a level 5 spell: Fireball
   200 | D        | Reached XP level 7. HP: 18/41 MP: 1/16
   371 | D        | Killed a wyvern
   385 | D        | Killed a wyvern
   386 | D        | Reached skill level 5 in Conjurations
   386 | D        | Reached XP level 8. HP: 32/46 MP: 1/18
   502 | D        | Found Osmer's Distillery.
   502 | D        | Found Cuaptaufus's Antique Weapon Shop.
   502 | D        | Found Rasoisia's Antique Weapon Shop.
   502 | D        | Found Olaxan's Magic Scroll Shop.
   502 | D        | Found Zaplesch's Jewellery Boutique.
   503 | D        | Found Ytaomm's Book Shop.
   503 | D        | Found Usinoma's General Store.
   503 | D        | Found Luimayse's Jewellery Boutique.
   503 | D        | Found Jodos's General Store.
   503 | D        | Found Dizee's Antique Armour Boutique.
   512 | D        | Found Puimmubb's Antique Weapon Boutique.
   512 | D        | Found Edgham's Antique Armour Shop.
   512 | D        | Found Ubbuhyta's Assorted Antiques.
   512 | D        | Found Rittol's Distillery.
   512 | D        | Noticed a yak
   519 | D        | Noticed an orange crystal statue
   542 | D        | Noticed Menkaure
   542 | D        | Noticed a yak
   542 | D        | Noticed a yak
   542 | D        | Noticed an oklob plant
   542 | D        | Noticed a wyvern
   554 | D        | Killed Menkaure
   566 | D        | Noticed an obsidian statue
   585 | D        | Noticed Kirke
   585 | D        | Noticed a yaktaur captain
   585 | D        | Noticed a skeletal warrior
   585 | D        | Noticed a kobold demonologist
   585 | D        | Noticed a centaur warrior
   586 | D        | Noticed an elephant
   599 | D        | Killed a redback
   610 | D        | Killed a centaur warrior
   610 | D        | Killed a redback
   619 | D        | Killed a skeletal warrior
   619 | D        | Killed a yaktaur captain
   620 | D        | Reached XP level 9. HP: 50/51 MP: 0/22
   625 | D        | Killed a kobold demonologist
   654 | D        | Killed an elephant
   767 | D        | Found Ovesk's Book Shoppe.
   770 | D        | Killed Kirke
   777 | D        | Noticed a fire dragon
   796 | D        | Bought the ring of the Everdark {*Corrode rF+ Str+6 Int+4
                  | Dex-5} for 405 gold pieces
   796 | D        | Bought a ring of fire for 275 gold pieces
   805 | D        | Bought a potion of curing for 39 gold pieces
   850 | D        | Noticed a hell hog
   850 | D        | Noticed a hell hog
   956 | D        | Gained mutation: Your body sometimes deteriorates upon
                  | taking damage. [a neqoxec]
   959 | D        | Reached skill level 10 in Conjurations
  1163 | D        | Found a snail-covered altar of Cheibriados.
  1164 | D        | Found a shadowy altar of Dithmenos.
  1164 | D        | Found a viscous altar of Jiyva.
  1164 | D        | Found a hazy altar of Hepliaklqana.
  1165 | D        | Found a white marble altar of Elyvilon.
  1165 | D        | Found an ancient bone altar of Kikubaaqudgha.
  1165 | D        | Found a sacrificial altar of Ru.
  1166 | D        | Found a blossoming altar of Fedhas.
  1166 | D        | Found a corrupted altar of Lugonu.
  1166 | D        | Found a shimmering blue altar of Sif Muna.
  1167 | D        | Found an opulent altar of Gozag.
  1167 | D        | Found a burning altar of Makhleb.
  1167 | D        | Found a bloodstained altar of Trog.
  1167 | D        | Found a shimmering altar of Xom.
  1168 | D        | Found a sparkling altar of Nemelex Xobeh.
  1168 | D        | Found a hide-covered altar of Uskayaw.
  1168 | D        | Found a basalt altar of Yredelemnul.
  1169 | D        | Found an iron altar of Okawaru.
  1169 | D        | Found a radiant altar of Vehumet.
  1169 | D        | Found a glowing silver altar of Zin.
  1169 | D        | Noticed a hornet
  1169 | D        | Noticed a polar bear
  1171 | D        | Found a stormy altar of Qazlal.
  1171 | D        | Found an ornate altar of the Wu Jian Council.
  1171 | D        | Found a glowing golden altar of the Shining One.
  1171 | D        | Noticed a yaktaur
  1176 | D        | Killed a polar bear
  1177 | D        | Reached skill level 1 in Polearms
  1177 | D        | Noticed a polar bear
  1177 | D        | Noticed a polar bear
  1178 | D        | Killed a hornet
  1182 | D        | Noticed a death drake
  1183 | D        | Killed a polar bear
  1184 | D        | Reached skill level 1 in Fighting
  1185 | D        | Killed a yaktaur
  1186 | D        | Reached skill level 10 in Spellcasting
  1186 | D        | Reached XP level 10. HP: 56/58 MP: 13/24
  1201 | D        | Killed a death drake
  1324 | D        | Became a worshipper of Sif Muna the Loreminder
  1475 | D        | Noticed a kraken
  1564 | D        | Learned a level 3 spell: Mephitic Cloud
  1567 | D        | Learned a level 2 spell: Call Imp
  1601 | D        | Learned a level 4 spell: Cause Fear
  1745 | D        | Killed a kraken
  1842 | D        | Reached * piety under Sif Muna
  1906 | D        | Noticed a deep troll
  1906 | D        | Noticed a deep troll
  1910 | D        | Killed a deep troll
  1911 | D        | Reached XP level 11. HP: 65/65 MP: 18/26
  1914 | D        | Killed a deep troll
  1914 | D        | Reached ** piety under Sif Muna
  1975 | D        | Noticed a sphinx
  1975 | D        | Noticed a sphinx
  1979 | D        | Paralysed by a sphinx for 7 turns
  1988 | D        | Killed a sphinx
  1989 | D        | Reached skill level 5 in Poison Magic
  1993 | D        | Killed a sphinx
  1994 | D        | Reached skill level 5 in Summonings
  1994 | D        | Reached skill level 5 in Air Magic
  2185 | D        | Noticed a death drake
  2194 | D        | Killed a hell hog
  2205 | D        | Killed a death drake
  2205 | D        | Reached *** piety under Sif Muna
  2518 | D        | Bought a ring of poison resistance for 220 gold pieces
  2526 | D        | Bought a ring of resist corrosion for 260 gold pieces
  2540 | D        | Noticed a storm dragon
  2541 | D        | Noticed a bone dragon
  2541 | D        | Noticed a golden dragon
  2567 | D        | Noticed a frost giant
  2575 | D        | Noticed a cacodemon
  2578 | D        | HP: 1/66 [frost giant/bolt of cold (18)]
  2586 | D        | Killed from afar by a frost giant

Illustrated notes

Levels and vault maps discovered:
D:        the_violet_keep_of_menkaure [sprint2_stairs_cluster_1,
          sprint2_shoproom, sprint2_temple, sprint2_basic_supplies,
          sprint2_obstacle_4, sprint2_obstacle_6, sprint2_obstacle_3,
          sprint2_obstacle_2, sprint2_obstacle_5, sprint2_timed_cluster_1,
          sprint2_smallroom_cluster_1, sprint2_smallroom_final_cluster_1,
          sprint2_transparent_cluster_1, sprint2_second_timed_cluster_1,
          sprint2_sniper_area_1, sprint2_heavy_combat_area_1,
          sprint2_mutation_trap_area_1, sprint2_forest_area_1,
          sprint2_light_combat_area_1, sprint2_behind_water_1,
          sprint2_near_end_vault_1]

Skill      XL: |  1  2  3  4  5  6  7  8  9 10 11 |
---------------+----------------------------------+-----
Dodging        | 3 4 5 6 7 |  7.3
Stealth        | 4 5 6 7 8 9 |  9.2
Unarmed Combat | 1 2 3 |  3.3
Spellcasting   | 3 4 5 6 7 9 10 11 | 11.8
Fire Magic     | 6 8 9 10 11 13 14 | 14.9
Conjurations   | 2 5 9 11 12 14 | 14.4
Polearms       | 2 4 |  4.6
Fighting       | 1 2 |  2.6
Summonings     | 3 5 |  5.9
Air Magic      | 3 5 |  5.9
Poison Magic   | 4 7 |  7.0
Short Blades   | |  0.4
Hexes          | |  0.2

Action                   |  1- 3 |  4- 6 |  7- 9 | 10-12 || total
-------------------------+-------+-------+-------+-------++-------
Melee: Unarmed           |     6 |    19 |     4 |       ||    29
       Constrict         |     1 |     3 |     1 |     1 ||     6
       Tentacles         |     1 |     2 |     3 |     1 ||     7
       Punch             |       |     1 |       |       ||     1
       Glaive            |       |       |     5 |     4 ||     9
       Short sword       |       |       |       |     7 ||     7
 Cast: Sticky Flame      |       |     2 |     4 |     2 ||     8
       Conjure Flame     |       |     1 |     5 |       ||     6
       Inner Flame       |       |     1 |       |       ||     1
       Foxfire           |       |       |    13 |     6 ||    19
       Fireball          |       |       |    15 |    24 ||    39
       Mephitic Cloud    |       |       |       |     5 ||     5
       Call Imp          |       |       |       |     2 ||     2
  Use: Potion            |     2 |       |     5 |     3 ||    10
       Scroll            |       |       |     1 |     2 ||     3
 Stab: Confused          |       |       |       |     2 ||     2
Armor: Skin              |       |     1 |     4 |    16 ||    21
Dodge: Dodged            |     2 |    11 |    10 |    17 ||    40

Table legend: (Time is in decaauts)
 A = Elapsed time spent in this place.
 B = Non-inter-level travel time spent in this place.
 C = Inter-level travel time spent in this place.
 D = Time resting spent in this place.
 E = Time spent auto-exploring this place.
 F = Levels seen in this place.
 G = Mean time per level.
                   A        B        C        D        E       F      G
               +--------+--------+--------+--------+--------+-----+--------+
         Total |   2590 |   2590 |      0 |   1574 |      0 |   1 | 2590.0 |
       Dungeon |   2590 |   2590 |      0 |   1574 |      0 |   1 | 2590.0 |
               +--------+--------+--------+--------+--------+-----+--------+

Top non-repeatable levels by time:
       D: 2590 daAuts
